 Dungeon Crawl Stone Soup version 0.30-a0-137-gd8773701ce (webtiles) character file.

Game seed: 16547743294307392161

3152 zishaf the Covert (level 9, -3/75 HPs)
             Began as a Vine Stalker Brigand on Sept 23, 2022.
             Slain by a slime creature (5 damage)
             ... on level 7 of the Dungeon.
             The game lasted 00:10:00 (5696 turns).

zishaf the Covert (Vine Stalker Brigand)            Turns: 5696, Time: 00:10:01

Health: -3/75      AC:  9    Str: 15    XL:     9   Next: 93%
Magic:  0/10       EV: 14    Int: 11    God:
Gold:   389        SH:  0    Dex: 19    Spells: 8/8 levels left

rFire   + . .      SeeInvis .    e - +4 rapier (holy)
rCold   . . .      Faith    .    (no shield)
rNeg    . . .      Spirit   +    i - +0 ring mail {rF+}
rPois   +          Reflect  .    C - +2 hat
rElec   .          Harm     .    c - +1 cloak
rCorr   .          Rampage  .    (no gloves)
Will    +....                    (no boots)
Stlth   ..........               g - amulet of regeneration
HPRegen 1.82/turn                A - +4 ring of evasion
MPRegen 0.12/turn                u - ring of poison resistance

@: berserking (expiring), very quick
A: fangs 3, regeneration 1, magic shield, antimagic bite, no potion heal 2
a: no special abilities


You were on level 7 of the Dungeon.
You visited 2 branches of the dungeon, and saw 8 of its levels.

You collected 389 gold pieces.

Inventory:

Hand Weapons
 a - a +2 dagger
 e - a +4 rapier of holy wrath (weapon)
 v - a +2 dagger of speed
Missiles
 d - 15 poisoned darts (quivered)
 r - 2 curare-tipped darts
 t - 8 boomerangs
Armour
 b - a +0 robe
 c - a +1 cloak (worn)
 i - a +0 ring mail of fire resistance (worn)
 C - a +2 hat (worn)
Jewellery
 g - an amulet of regeneration (around neck)
 u - a ring of poison resistance (right hand)
 w - a ring of resist corrosion
 A - a +4 ring of evasion (left hand)
 B - a ring of flight
Wands
 o - a wand of mindburst (7)
Scrolls
 j - 3 scrolls of enchant armour
 m - a scroll of immolation
 n - 9 scrolls of teleportation
 y - a scroll of enchant weapon
 E - a scroll of blinking
Potions
 f - a potion of lignification
 h - a potion of invisibility {unknown}
 k - 9 potions of curing
 l - a potion of might
 p - 2 potions of flight
 q - 2 potions of brilliance
 s - a potion of berserk rage
 x - a potion of attraction {unknown}
 z - 2 potions of ambrosia {unknown}


   Skills:
 + Level 7.3 Fighting
 + Level 7.3 Short Blades
 - Level 4.0 Throwing
 - Level 1.0 Dodging
 + Level 10.2 Stealth


You had 8 spell levels left.
You didn't know any spells.
Your spell library contained the following spells:

 Spells                   Type           Power      Damage    Failure   Level
 Ozocubu's Armour         Ice            0%         N/A       91%         3
 Portal Projectile        Hex/Tloc       0%         N/A       91%         3
 Tukima's Dance           Hex            0%         N/A       91%         3
 Blade Hands              Tmut           0%         N/A       100%        5
 Metabolic Englaciation   Hex/Ice        0%         N/A       100%        5
 Simulacrum               Ice/Necr       0%         N/A       100%        6


Dungeon Overview and Level Annotations

Branches:
Dungeon (7/15)             Temple (1/1) D:6

Altars:
Cheibriados
Dithmenos
Elyvilon
Fedhas
Gozag
Hepliaklqana
Kikubaaqudgha
Makhleb
Okawaru
Ru
Sif Muna
Trog
Wu Jian
Xom
Yredelemnul
Zin
The Shining One

Shops:
D:7 ?:


Innate Abilities, Weirdness & Mutations

You have razor-sharp teeth.
Your natural rate of healing is unusually fast.
When hurt, damage is shared between your health and your magic reserves.
Your bite disrupts and absorbs the magic of your enemies.
Potions cannot restore your health.


Message History

Okay, then.
Unknown command.
A red film seems to cover your vision as you go berserk!
You feel yourself moving faster!
You feel mighty! The large slime creature hits you!!!
The slime creature hits you!
* * * LOW HITPOINT WARNING * * *
You puncture the large slime creature! You bite the large slime creature!
You drain its power.
You feel invigorated.
The large slime creature is severely wounded.
A large slime creature splits.
The slime creature hits you!
* * * LOW HITPOINT WARNING * * *
You impale the slime creature!! You bite the slime creature.
You kill the slime creature!
The slime creature misses you.
Your Stealth skill increases to level 10!
You puncture the slime creature! Your bite misses the slime creature.
The slime creature is almost dead.
You puncture the slime creature!
You kill the slime creature!
The slime creature hits you but does no damage.
The slime creature hits you!
* * * LOW HITPOINT WARNING * * *
You puncture the slime creature!
The slime creature is lightly wounded.
The slime creature hits you.
* * * LOW HITPOINT WARNING * * *
You barely miss the slime creature.
The slime creature is lightly wounded.
The slime creature misses you.
You hit the slime creature. Your bite misses the slime creature.
The slime creature is lightly wounded.
The slime creature barely misses you.
You completely miss the slime creature. You bite the slime creature!
You drain its power.
You feel invigorated.
The slime creature is moderately wounded.
The electric eel shoots out a bolt of lightning at you!
The bolt of electricity hits you!
* * * LOW HITPOINT WARNING * * *
The slime creature hits you!
You die...

♣♣♣ ~~P ~~~~ #####
~~~~~ #...# ~~P~~♣#
#...#
~~~~~~~#####...####
(S..~.~....†......#
~....~.J..........#
........@.........#
.(.(~~~J~###..∩##.#
~~~~~P♣P~# #...##.#
~~~~~♣♣#####...##.#
~~~~~ #......###.#
♣♣♣♣♣ #.###### #.##
#.## #..♣
#####..### ###♣
#........#


You could see 2 slime creatures and an electric eel.

Vanquished Creatures
  3 slime creatures (D:7)
  Sigmund (D:4)
  Eustachio (D:4)
  5 ice beasts
  A sky beast (D:7)
  2 ogres
  2 phantoms (D:6)
  2 centaurs
  2 necrophages
  A scorpion (D:7)
  9 killer bees (D:7)
  4 electric eels (D:7)
  2 hounds (D:5)
  4 orc priests
  A jelly (D:6)
  2 iguanas
  2 orc wizards
  Robin (D:2)
  9 adders
  A white imp (D:6)
  2 ufetubi (D:5)
  A dart slug (D:3)
  20 orcs
  5 ball pythons
  8 endoplasms
  A giant cockroach (D:1)
  17 goblins
  9 hobgoblins
  6 jackals
  5 quokkas
  8 bats
  6 frilled lizards
  7 kobolds
  6 rats
156 creatures vanquished.

Vanquished Creatures (others)
  13 plants (D:7)
13 creatures vanquished.

Grand Total: 169 creatures vanquished

Notes
Turn   | Place    | Note
-------+----------+-------------------------------------------
     0 | D:1      | zishaf the Vine Stalker Brigand began the quest for the
                  | Orb.
     0 | D:1      | Reached XP level 1. HP: 11/11 MP: 2/2
   348 | D:1      | Reached skill level 1 in Dodging
   348 | D:1      | Reached XP level 2. HP: 14/15 MP: 3/3
   402 | D:1      | Reached skill level 5 in Stealth
   497 | D:1      | Found a faded altar of an unknown god.
   633 | D:1      | Reached XP level 3. HP: 15/18 MP: 4/4
  1274 | D:2      | Found a shimmering altar of Xom.
  1784 | D:2      | Noticed Robin
  1796 | D:2      | Killed Robin
  1797 | D:2      | Gained mutation: Your natural rate of healing is unusually
                  | fast. [Vine Stalker growth]
  1797 | D:2      | Reached XP level 4. HP: 14/23 MP: 5/5
  2462 | D:4      | Noticed an ice beast
  2472 | D:4      | Killed an ice beast
  2473 | D:4      | Reached XP level 5. HP: 22/28 MP: 4/6
  2532 | D:4      | Noticed Eustachio
  2690 | D:4      | Killed Eustachio
  2691 | D:4      | Reached XP level 6. HP: 29/33 MP: 7/7
  3053 | D:4      | Noticed Sigmund
  3070 | D:4      | Killed Sigmund
  3071 | D:4      | Reached XP level 7. HP: 37/37 MP: 8/8
  3083 | D:4      | Found an ancient bone altar of Kikubaaqudgha.
  3083 | D:4      | Found a bloodstained altar of Trog.
  3270 | D:4      | Found a sacrificial altar of Ru.
  3452 | D:5      | Entered Level 5 of the Dungeon
  3534 | D:5      | Reached skill level 6 in Stealth
  3876 | D:5      | Gained mutation: You have razor-sharp teeth. [Vine Stalker
                  | growth]
  3876 | D:5      | Reached XP level 8. HP: 42/42 MP: 9/9
  4151 | D:5      | Reached skill level 5 in Fighting
  4152 | D:5      | Reached skill level 5 in Short Blades
  4357 | D:6      | Reached skill level 7 in Stealth
  4430 | D:6      | Found a staircase to the Ecumenical Temple.
  4452 | Temple   | Entered the Ecumenical Temple
  4665 | D:6      | Reached skill level 8 in Stealth
  4749 | D:6      | Reached XP level 9. HP: 48/48 MP: 10/10
  4978 | D:7      | Found an ornate altar of the Wu Jian Council.
  5113 | D:7      | Reached skill level 9 in Stealth
  5163 | D:7      | Found Dues's Magic Scroll Shop.
  5481 | D:7      | Found Qitoytt's Book Shoppe.
  5691 | D:7      | Reached skill level 10 in Stealth
  5693 | D:7      | HP: 1/75 [slime creature (4)]
  5696 | D:7      | Slain by a slime creature

Illustrated notes

Levels and vault maps discovered:
D:1:      moated_graveyard_arrival, layout_loops_ring,
          ebering_ecumenical_altar_abandoned
D:2:      layout_loops_ring, basic_altar, uniq_robin
D:3:      layout_rooms, nicolae_figureground_pulse
D:4:      layout_basic, mainiacjoe_overflow_alcove_4,
          nicolae_overflow_two_pavilions, uniq_sigmund, uniq_eustachio
D:5:      layout_basic
D:6:      layout_rooms, minmay_temple_entry_large_hall, dk_rats_in_the_wall
D:7:      layout_loops_ring, nzn_wu_jian_contemplation, serial_shops, shop,
          shop, kennysheep_mini, serial_bayou, serial_bayou_pond_c,
          serial_bayou_crossing, serial_bayou_pond_c, serial_bayou_pond_d,
          serial_bayou_shore_a, serial_bayou_ford_a, chequers_jeans
Temple:   nicolae_temple_god_jail

Skill      XL: |  1  2  3  4  5  6  7  8  9 |
---------------+----------------------------+-----
Dodging        | 1 |  1.0
Fighting       | 2 3 4 6 7 |  7.3
Stealth        | 5 6 8 10 | 10.2
Throwing       | 2 3 4 |  4.0
Short Blades   | 2 3 4 5 7 |  7.3

Action                   |  1- 3 |  4- 6 |  7- 9 || total
-------------------------+-------+-------+-------++-------
Melee: Dagger            |   108 |   194 |       ||   302
       Bite              |    17 |    65 |    72 ||   154
       Punch             |     1 |     5 |     2 ||     8
       Rapier            |       |    32 |   246 ||   278
Throw: Dart              |       |     3 |     6 ||     9
  Use: Scroll            |       |    14 |     8 ||    22
       Potion            |       |       |     3 ||     3
 Stab: Sleeping          |    16 |     4 |     7 ||    27
Armor: Robe              |     6 |       |       ||     6
       Ring mail         |    27 |    88 |    59 ||   174
       Skin              |       |       |    47 ||    47
Dodge: Dodged            |    45 |   106 |   138 ||   289

Table legend: (Time is in decaauts)
 A = Elapsed time spent in this place.
 B = Non-inter-level travel time spent in this place.
 C = Inter-level travel time spent in this place.
 D = Time resting spent in this place.
 E = Time spent auto-exploring this place.
 F = Levels seen in this place.
 G = Mean time per level.
                   A        B        C        D        E       F      G
               +--------+--------+--------+--------+--------+-----+--------+
         Total |   5585 |   5450 |    135 |    108 |   4104 |   8 |  698.1 |
       Dungeon |   5531 |   5409 |    122 |    108 |   4075 |   7 |  790.1 |
        Temple |     53 |     40 |     13 |      0 |     29 |   1 |   53.0 |
               +--------+--------+--------+--------+--------+-----+--------+

Top non-repeatable levels by time:
     D:1: 1097 daAuts
     D:4: 999 daAuts
     D:5: 885 daAuts
     D:2: 733 daAuts
     D:7: 727 daAuts
     D:6: 562 daAuts
     D:3: 525 daAuts
  Temple: 53 daAuts
